 Dungeon Crawl Stone Soup version 0.22-a0-425-g89d60a1 (webtiles) character file.

887 aspa the Thaumaturge (level 8, -4/46 HPs)
             Began as an Octopode Wizard on May 24, 2018.
             Shot with an arrow by a centaur (8 damage)
             ... on level 5 of the Dungeon.
             The game lasted 00:23:47 (6627 turns).

aspa the Thaumaturge (Octopode Wizard)              Turns: 6627, Time: 00:23:48

Health: -4/46      AC:  1    Str:  6    XL:     8   Next: 5%
Magic:  9/20       EV: 13    Int: 23    God:
Gold:   198        SH:  0    Dex: 10    Spells: 10/23 levels left

rFire    . . .     SeeInvis +   b - +0 halberd (curse)
rCold    . . .     Gourm    .   (shield currently unavailable)
rNeg     . . .     Faith    .   s - +0 hat
rPois    .         Spirit   .   (no amulet)
rElec    .         Reflect  .   e - ring of see invisible
rCorr    .         Harm     .   j - ring of wizardry
MR       .....                  h - ring of flight
Stlth    +++.......             (no ring)
HPRegen  0.15/turn              (no ring)
MPRegen  0.17/turn              (no ring)
                                (no ring)
                                (no ring)

@: very slightly contaminated
A: almost no armour, stealthy swim, amphibious, 8 rings, constrict 8, camouflage
1, gelatinous body 1
a: Evoke Flight


You were on level 5 of the Dungeon.
You were not hungry.

You visited 1 branch of the dungeon, and saw 6 of its levels.

You collected 198 gold pieces.

Inventory:

Hand Weapons
 a - a +2 mace of crushing
 b - a cursed +0 halberd (weapon)
 m - a +0 dagger
 y - a +2 dagger of venom
Armour
 n - a +0 buckler
 s - a +0 hat (worn)
Jewellery
 e - a ring of see invisible (left tentacle)
 h - a ring of flight (on tentacle)
 j - a ring of wizardry (right tentacle)
Wands
 p - a wand of enslavement (8)
 r - a wand of random effects (24)
Scrolls
 f - a scroll of enchant weapon
 g - 3 scrolls of fear {unknown}
 k - 5 scrolls of identify {unknown}
 l - a scroll of teleportation {unknown}
 q - 3 scrolls of remove curse
 u - a scroll of enchant armour {unknown}
Potions
 d - a potion of might
 i - a potion of brilliance {unknown}
 o - a potion of curing {unknown}
 t - a potion of cancellation {unknown}
 v - a potion of degeneration {unknown}
 w - 2 potions of lignification
 x - 2 potions of flight {unknown}
Comestibles
 c - 7 rations
 z - 6 chunks of flesh


   Skills:
 - Level 2.0 Dodging
 - Level 2.6 Stealth
 * Level 0.4 Shields
 + Level 8.2 Spellcasting
 - Level 3.0 Conjurations
 - Level 1.0 Summonings
 - Level 1.0 Translocations


You had 10 spell levels left.
You knew the following spells:

 Your Spells              Type           Power        Failure   Level  Hunger
a - Magic Dart            Conj           ###.         1%          1    None
b - Call Imp              Summ           ##......     2%          2    None
c - Mephitic Cloud        Conj/Pois/Air  ##......     6%          3    None
d - Blink                 Tloc           N/A          2%          2    None
e - Slow                  Hex            #.......     4%          2    None
f - Conjure Flame         Conj/Fire      ###.....     4%          3    None

Your spell library contained the following spells:

 Spells                   Type           Power        Failure   Level  Hunger


Dungeon Overview and Level Annotations

Branches:
Dungeon (6/15)
 Temple: D:4-7

Altars:
Makhleb


Innate Abilities, Weirdness & Mutations

You cannot wear most types of armour.
You are very stealthy in the water. (Stealth+)
You are amphibious.
You can wear up to eight rings at the same time.
You can use your tentacles to constrict eight enemies at once.
Your skin changes colour to match your surroundings (Stealth+).
Your rubbery body absorbs attacks. (AC +1, EV +1)


Message History

Confirm with . or Enter, or press ? or * to list all spells.
Aiming: Magic Dart (safe; 1% risk of failure)
Press: ? - help, Shift-Dir - straight line, f/p - centaur
Aim: a centaur, wielding a shortbow (moderately wounded, confused)
You miscast Magic Dart.
You are very lightly contaminated with residual magic.
Nothing appears to happen.
The centaur seems less confused.
The centaur shoots an arrow.
The arrow hits you.
The centaur shoots an arrow.
The arrow hits you!
* * * LOW HITPOINT WARNING * * *
Casting: Magic Dart (safe; 1% risk of failure)
Confirm with . or Enter, or press ? or * to list all spells.
Aiming: Mephitic Cloud (safe; 6% risk of failure)
Press: ? - help, Shift-Dir - straight line, f/p - centaur
Aim: a centaur, wielding a shortbow (moderately wounded)
The ball explodes into a vile cloud!
The stinking cloud engulfs the centaur.
The centaur is moderately wounded.
The centaur is engulfed in noxious fumes.
The centaur shoots an arrow.
The arrow hits you!
You die...

#...#... #########
#...##. #.......# #...#
#.......# #...# #.......#
#...# #######.......#
###.#
..............########.##
........................#
.........###....@.§§....#
.........# #....(.§c....#
.........# #......§§....#
.........#
########'###.#.#
.........# #.....(.....#
.........# #.......[.....
.........# #.............
.........# #.........)...
.........# #.............


You could see a centaur.

Vanquished Creatures
  The ghost of incide the Bolt Thrower, an amateur GnWn (D:3)
  2 phantoms
  A scorpion (D:5)
  A howler monkey (D:5)
  A crimson imp (D:5)
  A centaur skeleton (D:5)
  An orc priest (D:3)
  An orc wizard (D:4)
  2 worker ants
  A hound skeleton (D:4)
  A howler monkey zombie (D:5)
  4 gnolls (D:4)
  4 adders
  3 dart slugs
  6 leopard geckos
  11 orcs
  2 ball pythons (D:3)
  6 bats
  5 giant cockroaches
  9 goblins
  7 hobgoblins
  10 jackals
  3 quokkas
  8 frilled lizards
  3 kobolds
  2 leopard gecko skeletons (D:4)
  5 rats
101 creatures vanquished.

Vanquished Creatures (collateral kills)
  A sky beast (D:2)
  An ogre (D:4)
  A worker ant (D:4)
  2 adders
  2 worms
  2 orcs (D:3)
  A jackal (D:3)
10 creatures vanquished.

Vanquished Creatures (others)
  A quasit (D:5)
1 creature vanquished.

Grand Total: 112 creatures vanquished

Notes
Turn   | Place    | Note
-------+----------+-------------------------------------------
     0 | D:1      | aspa the Octopode Wizard began the quest for the Orb.
     0 | D:1      | Reached XP level 1. HP: 11/11 MP: 4/4
   102 | D:1      | Reached XP level 2. HP: 17/17 MP: 3/6
   106 | D:1      | Learned a level 2 spell: Call Imp
   658 | D:1      | Reached XP level 3. HP: 2/21 MP: 0/8
   658 | D:1      | HP: 1/31 [kobold (1)]
   962 | D:1      | Learned a level 3 spell: Mephitic Cloud
   965 | D:1      | Learned a level 2 spell: Blink
  1555 | D:2      | Reached skill level 4 in Spellcasting
  1625 | D:2      | Learned a level 2 spell: Slow
  1762 | D:2      | Reached XP level 4. HP: 21/27 MP: 1/10
  1768 | D:2      | Noticed a sky beast
  2443 | D:2      | Killed a sky beast
  2443 | D:2      | Reached XP level 5. HP: 28/31 MP: 6/12
  2452 | D:2      | Learned a level 3 spell: Conjure Flame
  2850 | D:3      | Noticed incide's ghost (amateur GnWn)
  3145 | D:4      | Reached skill level 5 in Spellcasting
  3685 | D:3      | Reached XP level 6. HP: 33/36 MP: 5/14
  4159 | D:3      | Found a burning altar of Makhleb.
  4483 | D:3      | Killed incide's ghost
  4483 | D:3      | Reached skill level 6 in Spellcasting
  4621 | D:4      | Noticed a phantom
  5312 | D:4      | Reached XP level 7. HP: 32/41 MP: 1/16
  5488 | D:4      | Reached skill level 7 in Spellcasting
  5978 | D:5      | Entered Level 5 of the Dungeon
  6443 | D:5      | Reached skill level 8 in Spellcasting
  6561 | D:5      | Reached XP level 8. HP: 41/46 MP: 10/20
  6627 | D:5      | Shot with an arrow by a centaur

Vault maps used:
D:1:      sevenhm_arrival_forest_fort_large_3, grunt_decor_cap
D:2:      first_ration
D:3:      overflow_temple_1_default
D:6:      minmay_goblin_kobold_castle, lemuel_crystal_altar,
          grunt_temple_overflow_open, minmay_overflow_temple_star_hex,
          temple_green

Skill      XL: |  1  2  3  4  5  6  7 |
---------------+----------------------+-----
Spellcasting   | 4 5 6 8 |  8.2
Conjurations   | 2 3 |  3.0
Dodging        | |  2.0
Stealth        | |  2.6
Shields        | |  0.4
Summonings     | |  1.0
Translocations | |  1.0

Action                   |  1- 3 |  4- 6 |  7- 9 || total
-------------------------+-------+-------+-------++-------
Melee: Unarmed           |    23 |    20 |       ||    43
       Constrict         |     6 |     8 |     5 ||    19
       Tentacles         |       |     4 |     4 ||     8
       Dagger            |       |    13 |     2 ||    15
       Halberd           |       |       |    28 ||    28
       Mace              |       |       |     5 ||     5
 Cast: Magic Dart        |    65 |   134 |    81 ||   280
       Call Imp          |     5 |    27 |     2 ||    34
       Mephitic Cloud    |       |     5 |     8 ||    13
       Blink             |       |     6 |     4 ||    10
       Conjure Flame     |       |    11 |     2 ||    13
Evoke: Wand              |       |     4 |     2 ||     6
  Use: Scroll            |     2 |     1 |       ||     3
       Potion            |     1 |     3 |       ||     4
 Stab: Sleeping          |     1 |     3 |       ||     4
       Confused          |       |       |     1 ||     1
  Eat: Chunk             |     3 |    10 |     5 ||    18
Armor: Skin              |    28 |    11 |       ||    39
Dodge: Dodged            |    26 |    37 |    18 ||    81

Table legend:
 A = Spawn XP
 B = Non-spawn XP
 C = Spawn XP percentage of total XP
 D = Spawn monster count
 E = Non-spawn monster count
 F = Spawn count percentage of total count
 G = Total turns spent on level
                    A         B        C        D         E        F      G
               +---------+---------+-------+---------+---------+-------+---------
         Total |       0 |    1268 |   0.0 |       0 |     112 |   0.0 |  6627
               +---------+---------+-------+---------+---------+-------+---------
           D:1 |       0 |      49 |   0.0 |       0 |      27 |   0.0 |  1368
           D:2 |       0 |     135 |   0.0 |       0 |      20 |   0.0 |  1275
           D:3 |       0 |     268 |   0.0 |       0 |      24 |   0.0 |  1760
           D:4 |       0 |     415 |   0.0 |       0 |      28 |   0.0 |  1670
           D:5 |       0 |     401 |   0.0 |       0 |      13 |   0.0 |   552
               +---------+---------+-------+---------+---------+-------+---------
